Map: [M] Nightshade

Players

Shadowater - Winner!

  • Race: Zerg Zerg
  • League: Diamond
  • Spawn Location: 11:00

SpacePodilao

  • Race: Terran Terran
  • League: Platinum
  • Spawn Location: 5:00

VOD

Have the link to the VOD?

Description

im too slow? dont understand what i did wrong in this game... besides be too late on tech

Time

  • Played on: April 17, 2020, 7:25 p.m.
  • Length: 11:29
Show
View Real Time Build Order
Export as new Build Order

Shadowater Zerg - Winner!

Build Orders: Hatch First, Lurkers 

Get SALT Encoding   

  12  0:01  Drone  
  13  0:13  Overlord  
  13  0:17  Drone  
  14  0:31  Drone x2  
  16  0:50  Hatchery  
  16  0:53  Drone  
  17  0:57  Drone  
  17  1:00  Drone  
  18  1:15  Spawning Pool  
  18  1:18  Drone  
  18  1:22  Drone  
  18  1:25  Extractor  
  18  1:28  Drone  
  19  1:39  Drone  
  20  1:50  Drone  
  21  2:00  Overlord  
  21  2:02  Queen x2  
  21  2:03  Zergling x2  
  26  2:11  Drone  
  26  2:13  Drone  
  28  2:22  Drone  
  29  2:23  Drone  
  29  2:38  Queen, Lair  
  29  2:43  Drone x2  
  33  2:48  Drone x2  
  35  2:59  Overlord x2  
  35  3:21  Drone x8  
  43  3:38  Drone x2, Hydralisk Den  
  44  3:43  Evolution Chamber  
  44  3:44  Drone x2  
  44  3:45  Evolution Chamber  
  44  3:52  Extractor  
  44  3:53  Extractor  
  42  4:00  Drone x6  
  42  4:01  Drone x2  
  50  4:17  Hydralisk  
  50  4:19  Overlord x2  
  51  4:28  Zerg Missile Weapons Level 1  
  51  4:36  Overlord x4  
  51  4:48  Drone  
  51  4:49  Extractor  
  51  4:50  Hydralisk, Drone x3  
  51  4:51  Hatchery  
  55  5:01  Grooved Spines  
  55  5:03  Drone  
  55  5:04  Drone x2  
  55  5:05  Drone x3  
  61  5:27  Drone x8  
  69  5:33  Extractor  
  69  5:34  Hydralisk  
  69  5:35  Hydralisk x2  
  74  5:40  Extractor  
  74  5:41  Zerg Ground Armor Level 1  
  73  5:59  Drone, Lurker Den  
  73  6:13  Hydralisk  
  73  6:14  Hydralisk x3  
  81  6:23  Hydralisk x3  
  87  6:30  Hydralisk x2  
  87  6:32  Zergling x12  
  95  6:37  Hydralisk  
  95  6:38  Hydralisk x2  
  101  6:43  Hatchery  
  100  6:47  Extractor  
  91  7:08  Drone x3  
  91  7:09  Drone x2  
  91  7:13  Drone x4  
  100  7:17  Queen  
  100  7:19  Zerg Missile Weapons Level 2  
  100  7:21  Muscular Augments  
  102  7:26  Infestation Pit  
  102  7:29  Hydralisk x2  
  101  7:32  Overlord x4  
  105  7:39  Zerg Ground Armor Level 2  
  105  7:48  Overlord x6  
  105  7:53  Overseer  
  105  7:55  Overseer  
  105  8:03  Hive  
  105  8:06  Drone  
  105  8:07  Drone x7  
  113  8:17  Lurker x2  
  113  8:18  Lurker x5  
  120  8:20  Drone  
  120  8:21  Drone x8  
  120  8:25  Extractor  
  128  8:32  Hydralisk, Drone x3  
  128  8:33  Hydralisk x3  
  139  8:36  Hydralisk  
  141  9:00  Hydralisk  
  141  9:01  Hydralisk x9  
  144  9:19  Drone x7  
  143  9:28  Drone  
  143  9:29  Drone x3  
  147  9:37  Hydralisk x4  
  155  9:46  Adaptive Talons  
  155  9:56  Drone x2  
  157  10:00  Hydralisk x4  
  157  10:01  Hydralisk x2  
  169  10:13  Overlord x4  
  169  10:14  Overlord  
  169  10:17  Hydralisk x4  
  169  10:18  Hydralisk x2  
  181  10:28  Drone x2  
  183  10:31  Overlord  
  183  10:32  Overlord x2  
  183  10:37  Hatchery  
  168  10:51  Hydralisk  
  168  10:52  Hydralisk x7  
  168  10:53  Hydralisk  
Show
View Real Time Build Order
Export as new Build Order

SpacePodilao Terran 

Build Orders: Reaper Expand 

Get SALT Encoding   

  12  0:01  SCV  
  13  0:13  SCV  
  14  0:17  Supply Depot  
  14  0:25  SCV  
  15  0:38  SCV  
  15  0:41  Barracks  
  16  0:46  Refinery  
  16  0:52  SCV  
  18  1:04  SCV  
  18  1:16  SCV  
  19  1:29  Reaper  
  19  1:30  Orbital Command  
  20  1:42  Command Center  
  20  2:00  SCV  
  21  2:01  Marine, Supply Depot  
  21  2:04  Refinery  
  22  2:11  Factory  
  22  2:16  SCV  
  23  2:31  Barracks Reactor  
  23  2:46  SCV  
  25  2:58  SCV  
  25  2:59  Starport  
  25  3:02  Barracks  
  25  3:03  Factory Reactor  
  25  3:11  Starport  
  25  3:16  Orbital Command  
  25  3:18  Supply Depot  
  25  3:19  SCV  
  26  3:24  Marine x2  
  28  3:31  SCV  
  29  3:43  SCV  
  29  3:45  Supply Depot  
  29  3:46  Marine x2  
  32  3:50  Barracks Tech Lab  
  32  3:55  SCV  
  33  4:01  Medivac x2  
  37  4:04  Marine x2  
  37  4:06  SCV  
  40  4:13  Supply Depot  
  40  4:14  Stimpack  
  40  4:22  Command Center  
  40  4:23  Marine x2  
  42  4:33  SCV x2  
  43  4:41  Marine x2  
  43  4:43  Factory Tech Lab  
  45  4:45  SCV x2  
  47  4:57  SCV  
  47  4:58  SCV  
  47  4:59  Marauder  
  51  5:01  Marine x2  
  51  5:02  Siege Tank  
  56  5:09  Refinery  
  56  5:12  Medivac  
  58  5:15  Refinery  
  58  5:19  Marine x2  
  58  5:21  Marauder  
  62  5:35  Engineering Bay  
  62  5:36  Marine, Engineering Bay  
  62  5:37  Marine  
  62  5:39  SCV x2  
  62  5:42  Marine  
  67  5:48  Supply Depot  
  67  5:50  Supply Depot  
  67  5:51  Supply Depot  
  67  5:54  Marine  
  68  5:59  Marine x2  
  68  6:00  Orbital Command  
  68  6:02  Combat Shield  
  70  6:05  Terran Infantry Weapons Level 1  
  70  6:06  Terran Infantry Armor Level 1  
  70  6:12  Marine  
  70  6:13  Supply Depot  
  70  6:16  Marine  
  72  6:21  Supply Depot  
  69  6:36  Marine x2, Marauder  
  69  6:37  Siege Tank  
  76  6:43  Armory  
  76  6:53  Marine  
  74  6:58  Marauder  
  64  7:04  Marine  
  63  7:11  Marine  
  63  7:12  Barracks x2  
  64  7:16  Barracks  
  64  7:17  Orbital Command  
  64  7:19  Marine  
  64  7:20  SCV  
  64  7:21  SCV  
  64  7:22  Marine  
  68  7:29  Marine  
  69  7:33  SCV x2  
  69  7:36  Fusion Core  
  71  7:37  Marauder  
  71  7:39  Marine  
  74  7:45  SCV x2  
  74  7:47  Marine  
  77  7:52  SCV  
  77  7:57  SCV  
  77  7:58  Marine x2  
  81  8:00  Siege Tank  
  81  8:01  Medivac x2  
  81  8:04  Sensor Tower  
  81  8:05  Barracks Reactor x2  
  88  8:08  Barracks Reactor  
  88  8:12  SCV x2  
  90  8:13  SCV  
  90  8:16  Marine x2  
  93  8:20  Concussive Shells  
  93  8:24  SCV x2  
  93  8:25  Terran Vehicle And Ship Armor Level 1, SCV  
  96  8:32  Widow Mine  
  98  8:37  SCV x3  
  98  8:38  Marine x2  
  98  8:40  Supply Depot x3  
  103  8:41  Supply Depot  
  103  8:46  Marine  
  103  8:47  Marine x5, Marauder  
  111  8:49  SCV x2  
  111  8:50  SCV  
  114  8:56  Marine  
  114  8:58  Missile Turret  
  114  9:01  SCV  
  116  9:09  Marauder  
  118  9:13  Marine  
  118  9:14  Marine x7  
  120  9:30  Marauder  
  121  9:32  Marine x3  
  121  9:33  Marine x2  
  126  9:40  Marine x2  
  126  9:41  Marine, Refinery  
  129  9:46  Siege Tank  
  129  9:47  Supply Depot  
  129  9:48  Supply Depot  
  129  9:50  Marine x4  
  129  9:52  Marauder  
  138  9:58  Advanced Ballistics  
  138  10:02  Medivac x2  
  142  10:08  Marine  
  142  10:09  Marine, SCV x2  
  142  10:10  SCV  
  142  10:13  Marauder  
  149  10:15  Supply Depot  
  149  10:17  Marine x3  
  149  10:18  Siege Tank  
  155  10:21  SCV x2  
  155  10:27  SCV  
  158  10:33  SCV  
  158  10:34  Marauder, SCV  
  152  10:49  Marine x2  
  120  10:50  Marine x2  
  120  10:52  Marine x2  
  120  10:56  Marauder  
  133  11:08  Marine x2  
  133  11:10  Marine x5  
  133  11:11  Marine  
Tags
 
Add a new tag
Caveats
  • Supply blocks, unpowered buildings, or Contaminate may cause inaccurate times.
  • Supply counts are checked every 10 seconds.